 Dungeon Crawl Stone Soup version 0.21.0-3-g78d12a8 (webtiles) character file.

298 asthiss the Skirmisher (level 6, -18/56 HPs)
             Began as a Minotaur Fighter on Jan 10, 2018.
             Demolished by Pikel
             ... wielding a +1 whip of electrocution
              (20 damage)
             ... on level 4 of the Dungeon.
             The game lasted 00:12:30 (1977 turns).

asthiss the Skirmisher (Minotaur Fighter)           Turns: 1977, Time: 00:12:31

Health: -18/56     AC: 12    Str: 26    XL:     6   Next: 13%
Magic:  5/5        EV:  8    Int:  5    God:
Gold:   135        SH: 10    Dex:  9    Spells: 5/5 levels left

rFire    . . .     SeeInvis .   a - +0 long sword
rCold    . . .     Gourm    .   c - +0 shield
rNeg     . . .     Faith    .   k - +0 ring mail
rPois    .         Spirit   .   (helmet restricted)
rElec    .         Reflect  .   g - +2 cloak
rCorr    .         Harm     .   h - +2 pair of gloves {Str+3}
MR       .....                  (no boots)
Stlth    ..........             (no amulet)
HPRegen  0.18/turn              (no ring)
MPRegen  0.09/turn              (no ring)

@: no status effects
A: retaliatory headbutt, horns 2
a: no special abilities


You were on level 4 of the Dungeon.
You were hungry.

You visited 1 branch of the dungeon, and saw 4 of its levels.

You collected 135 gold pieces.

Inventory:

Hand Weapons
 a - a +0 long sword (weapon)
Armour
 c - a +0 shield (worn)
 g - a +2 cloak (worn)
 h - a +2 pair of gloves of strength (worn)
 k - a +0 ring mail (worn)
 l - a +0 leather armour of poison resistance
Jewellery
 b - an uncursed ring of poison resistance {unknown}
 m - a +2 amulet of reflection {unknown}
Wands
 d - a wand of iceblast (8)
Scrolls
 e - 2 scrolls of teleportation
 i - a scroll of blinking
 n - a scroll of magic mapping
Comestibles
 f - 4 rations
 j - 10 chunks of flesh


   Skills:
 + Level 5.2 Fighting
 + Level 4.4 Long Blades
 + Level 5.1 Armour
 + Level 5.1 Shields


You had 5 spell levels left.
You didn't know any spells.

Dungeon Overview and Level Annotations

Branches:
Dungeon (4/15)
 Temple: D:4-7

Altars:

Annotations:
D:4 Pikel


Innate Abilities, Weirdness & Mutations

You reflexively headbutt those who attack you in melee.
You have a pair of horns on your head.


Message History

Pikel completely misses you. You furiously retaliate!
You headbutt Pikel. The slave hits you.
* * * LOW HITPOINT WARNING * * *
You barely miss Pikel.
Pikel is moderately wounded.
The slave barely misses you. You furiously retaliate!
You headbutt the slave!
You kill the slave!
That felt strangely unrewarding.
The slave barely misses you. You furiously retaliate!
You headbutt the slave. You block Pikel's attack. You block the slave's attack.
You aren't carrying any potions.
You closely miss Pikel. You headbutt Pikel.
Pikel is heavily wounded.
You block the slave's attack. You block Pikel's attack.
The slave hits you but does no damage.
You slash Pikel! Your headbutt misses Pikel.
Pikel is severely wounded.
The slave closely misses you. Pikel hits you but does no damage.
You are electrocuted!
You die...

#........#
#.###.####
##.##### ##......#
.
######.###.#.##...
#......# #.......#
#...##.###........
#.p.###...##.##.##
#.p@# #.#.##......
#.pK# #......##.#
#..w# ###.#### #
#...#####.##
.................#
.K...............#
.p...............#
.w#####...########
p #...#


You could see Pikel, 3 slaves and a dart slug.

Vanquished Creatures
  A slave (D:4)
  A howler monkey (D:4)
  A hound (D:4)
  Ijyb (D:4)
  2 orc wizards
  2 adders (D:2)
  4 gnolls (D:4)
  An ooze (D:1)
  3 worms
  2 dart slugs (D:1)
  8 orcs
  3 giant cockroaches
  8 goblins
  7 hobgoblins
  4 jackals (D:1)
  2 quokkas (D:4)
  2 ball pythons
  9 bats
  5 frilled lizards
  7 kobolds
  8 rats
81 creatures vanquished.

Notes
Turn   | Place    | Note
-------+----------+-------------------------------------------
     0 | D:1      | asthiss the Minotaur Fighter began the quest for the Orb.
     0 | D:1      | Reached XP level 1. HP: 19/19 MP: 0/0
    48 | D:1      | Reached XP level 2. HP: 24/27 MP: 1/1
   184 | D:1      | Reached XP level 3. HP: 30/33 MP: 2/2
  1130 | D:2      | Reached XP level 4. HP: 41/41 MP: 3/3
  1768 | D:4      | Reached XP level 5. HP: 47/47 MP: 4/4
  1781 | D:4      | Reached skill level 5 in Fighting
  1784 | D:4      | Reached skill level 5 in Armour
  1786 | D:4      | Reached skill level 5 in Shields
  1831 | D:4      | Noticed Ijyb
  1836 | D:4      | Killed Ijyb
  1870 | D:4      | Reached XP level 6. HP: 37/56 MP: 5/5
  1959 | D:4      | Noticed a slave
  1960 | D:4      | Noticed Pikel
  1960 | D:4      | Noticed a slave
  1961 | D:4      | Noticed a slave
  1973 | D:4      | Noticed a slave
  1974 | D:4      | HP: 2/56 [slave[Pikel] (5)]
  1975 | D:4      | Killed a slave
  1977 | D:4      | Demolished by Pikel

Skill      XL: |  1  2  3  4  5 |
---------------+----------------+-----
Fighting       | 4 5 |  5.2
Armour         | 4 5 |  5.1
Shields        | 4 5 |  5.1
Long Blades    | 3 4 |  4.4

Action                   |  1- 3 |  4- 6 || total
-------------------------+-------+-------++-------
Melee: Long sword        |   116 |    97 ||   213
       Headbutt          |    13 |    19 ||    32
  Use: Scroll            |     8 |     5 ||    13
       Potion            |       |     2 ||     2
  Eat: Ration            |       |     1 ||     1
Armor: Scale mail        |    83 |     5 ||    88
       Ring mail         |       |    53 ||    53
Dodge: Dodged            |    39 |    43 ||    82
Block: Shield            |    89 |    69 ||   158
       Rpst.: Long sword |     9 |    10 ||    19
